 Dungeon Crawl Stone Soup version 0.30-a0-6-g7c9e10e132 (webtiles) character file.

Game seed: 3228159788631402772

2 SensoryNuts the Trooper (level 1, -1/19 HPs)
             Began as a Draconian Fighter on Aug 22, 2022.
             Slain by a jackal (3 damage)
             ... on level 1 of the Dungeon.
             The game lasted 00:00:09 (30 turns).

SensoryNuts the Trooper (Draconian Fighter)           Turns: 30, Time: 00:00:09

Health: -1/19      AC:  4    Str: 18    XL:     1   Next: 33%
Magic:  1/1        EV: 12    Int:  8    God:
Gold:   0          SH:  4    Dex: 10    Spells: 0/0 levels left

rFire   . . .      SeeInvis .    a - +0 war axe
rCold   . . .      Faith    .    b - +0 buckler
rNeg    . . .      Spirit   .    (body armour unavailable)
rPois   .          Reflect  .    (helmet restricted)
rElec   .          Harm     .    (no cloak)
rCorr   .          Rampage  .    (no gloves)
Will    .....                    (no boots)
Stlth   +.........               (no amulet)
HPRegen 0.06/turn                (no ring)
MPRegen 0.07/turn                (no ring)

@: no status effects
A: AC +4, unfitting armour, cold-blooded
a: no special abilities


You were on level 1 of the Dungeon.
You visited 1 branch of the dungeon, and saw 1 of its levels.

Inventory:

Hand Weapons
 a - a +0 war axe (weapon)
Armour
 b - a +0 buckler (worn)
Potions
 c - a potion of might


   Skills:
 + Level 3.3 Fighting
 * Level 2.0 Axes
 + Level 2.7 Dodging
 + Level 3.0 Shields


You couldn't memorise any spells.
You didn't know any spells.
Your spell library was empty.

Dungeon Overview and Level Annotations

Branches:
Dungeon (1/15)

Altars:


Innate Abilities, Weirdness & Mutations

Your plain brown scales are hard. (AC +4)
You cannot fit into any form of body armour.
You are cold-blooded and may be slowed by cold attacks.


Message History

You are frozen.
You feel yourself slow down. The endoplasm freezes you.
You are frozen.
You feel as though you will be slow longer.
You are too injured to fight recklessly!
You completely miss the endoplasm. You block the endoplasm's attack.
The endoplasm barely misses you.
You hit the endoplasm but do no damage.
The endoplasm hits you but does no damage.
The endoplasm freezes you.
You are frozen.
* * * LOW HITPOINT WARNING * * *
You feel as though you will be slow longer.
You slash the endoplasm!
You kill the endoplasm!
Found 4 gold pieces.
A jackal comes into view.
The jackal barks!
A jackal comes into view.
Found a leather armour.
The jackal moves out of view.
Unknown command.
A jackal is nearby!
A jackal is nearby!
A jackal is nearby!
You are too injured to fight recklessly!
You are too injured to fight recklessly!
The jackal barks!
The jackal bites you.
* * * LOW HITPOINT WARNING * * *
The jackal bites you.
* * * LOW HITPOINT WARNING * * *
You closely miss the jackal. You block the jackal's attack.
A jackal comes into view.
A rat comes into view.
The jackal misses you.
You hit the jackal.
The jackal is moderately wounded.
You hit the jackal.
You feel yourself speed up. The jackal misses you.
The jackal completely misses you. The jackal bites you.
You die...

...... .. ...[....
......## #.#.
#rh....#
..#.###..#...## .
.$....^........#..
......##hh#.....$.
...#.....@........
..................
...............#.#
.......†...#...#.
..................
########.........#
#†.......##
#..###..## #..#
.$#


You could see 3 jackals and a rat.

Vanquished Creatures
  An endoplasm (D:1)
  A ball python (D:1)
  A rat (D:1)
3 creatures vanquished.

Notes
Turn   | Place    | Note
-------+----------+-------------------------------------------
     0 | D:1      | SensoryNuts the Draconian Fighter began the quest for the
                  | Orb.
     0 | D:1      | Reached XP level 1. HP: 19/19 MP: 1/1
    30 | D:1      | Slain by a jackal

Illustrated notes

Levels and vault maps discovered:
D:1:      dpeg_arrival_rooms_a, layout_basic, chequers_jeans,
          grunt_decor_mini_mirrors, minmay_misc_feat_chi

Action                   || total
-------------------------++-------
Melee: War axe           ||    10
Armor: Skin              ||     4
Dodge: Dodged            ||     6
Block: Buckler           ||     4

Table legend: (Time is in decaauts)
 A = Elapsed time spent in this place.
 B = Non-inter-level travel time spent in this place.
 C = Inter-level travel time spent in this place.
 D = Time resting spent in this place.
 E = Time spent auto-exploring this place.
 F = Levels seen in this place.
 G = Mean time per level.
                   A        B        C        D        E       F      G
               +--------+--------+--------+--------+--------+-----+--------+
         Total |     38 |     38 |      0 |      0 |      9 |   1 |   38.0 |
       Dungeon |     38 |     38 |      0 |      0 |      9 |   1 |   38.0 |
               +--------+--------+--------+--------+--------+-----+--------+

Top non-repeatable levels by time:
     D:1: 38 daAuts
